 Dungeon Crawl Stone Soup version 0.29-a0-330-g52719c12eb (webtiles) character file.

Game seed: 11529681406497582273

408 Leszczynek the Cudgeller (level 6, -7/54 HPs)
             Began as a Palentonga Wanderer on May 4, 2022.
             Was an Elder of Zin.
             Mangled by a wraith (11 damage)
             ... in an ossuary.
             The game lasted 00:19:21 (2571 turns).

Leszczynek the Cudgeller (Palentonga Wanderer)      Turns: 2571, Time: 00:19:22

Health: -7/54      AC:  6    Str: 16 (17) XL:     6   Next: 57%
Magic:  7/7        EV:  9    Int:  9 (12) God:    Zin [****..]
Gold:   173        SH:  0    Dex:  7 (10) Spells: 3/5 levels left

rFire   . . .      SeeInvis +   a - +0 quarterstaff
rCold   + . .      Faith    .   (shield currently unavailable)
rNeg    . . .      Spirit   .   e - +2 leather armour
rPois   .          Reflect  .   (helmet restricted)
rElec   .          Harm     .   (no cloak)
rCorr   .          Rampage  .   (no gloves)
Will    .....                   (no barding)
Stlth   +.........              k - amulet of regeneration
HPRegen 0.98/turn               u - ring of protection from cold
MPRegen 0.10/turn               (no ring)

@: slowed, invisible, very slow
A: large, rugged brown scales 3, see invisible, deformed body, roll 1, armoured
tail, horns 1
a: Rolling Charge, Renounce Religion, Recite, Vitalisation, Imprison, Donate
Gold


You were in an ossuary.
You worshipped Zin.
Zin was greatly pleased with you.
You visited 1 branch of the dungeon, and saw 4 of its levels.
You also visited: Ossuary.

You collected 192 gold pieces.
You donated 19 gold pieces to Zin.

Inventory:

Hand Weapons
 a - a +0 quarterstaff (weapon)
 b - a +1 whip of electrocution
 w - a +0 mace
Missiles
 v - 16 poisoned darts (quivered)
Armour
 e - a +2 leather armour (worn)
 o - the +3 scale mail of Syli {+Inv}
   (You found it on level 2 of the Dungeon)

   +Inv:      It lets you turn invisible.
 x - a +0 plate armour
Jewellery
 k - an amulet of regeneration (around neck)
 u - a ring of protection from cold (left hand)
Scrolls
 c - a scroll of vulnerability {!r}
 d - a scroll of fog
 g - 6 scrolls of identify {unknown}
 m - 2 scrolls of fear {unknown}
 n - a scroll of enchant weapon {unknown}
 q - a scroll of enchant armour {unknown}
 y - 3 scrolls of teleportation
 B - a scroll of amnesia {unknown}
Potions
 f - a potion of mutation {!q}
 h - 2 potions of cancellation
 i - a potion of curing {@q1}
 j - a potion of resistance {unknown}
 l - a potion of invisibility
 p - a potion of brilliance {unknown}
 r - a potion of magic {unknown}
 s - 2 potions of degeneration
 t - a potion of lignification {unknown}
 z - 2 potions of heal wounds {unknown}
 A - a potion of flight {unknown}
 C - a potion of might {unknown}


   Skills:
 - Level 5.0 Fighting
 * Level 6.1 Maces & Flails
 - Level 1.7 Armour
 - Level 2.5 Dodging
 + Level 2.2 Invocations


You had 3 spell levels left.
You knew the following spells:

 Your Spells              Type           Power      Damage    Failure   Level
B - Blink                 Tloc           0%         N/A       58%         2

Your spell library contained the following spells:

 Spells                   Type           Power      Damage    Failure   Level
 Lesser Beckoning         Tloc           0%         N/A       83%         3
 Iskenderun's Battlesphe  Conj           0%         2d6       100%        5
 Manifold Assault         Tloc           0%         N/A       100%        5
 Iron Shot                Conj/Erth      0%         9d1       100%        6
 Spellforged Servitor     Conj/Summ      0%         N/A       100%        7


Dungeon Overview and Level Annotations

Branches:
Dungeon (4/15)            Ossuary (1/1)
 Temple: D:4-7

Altars:
Hepliaklqana
Makhleb
Zin


Innate Abilities, Weirdness & Mutations

You are completely covered in rugged brown scales. (AC +3, +7% HP)
You have supernaturally acute eyesight. (SInv)
Armour fits poorly on your strangely shaped body.
You can roll at nearby foes to attack.
You have a long armoured tail.
You have a pair of small horns on your head.


Message History

You feel as though you will be slow longer.
You completely miss the wraith.
The wraith is lightly damaged.
The wraith hits you!
It was a potion of cancellation.
Your magical effects are unravelling.
You feel magically purged.
You feel yourself speed up.
The wraith seems less confused.
The wraith hits you!
* * * LOW HITPOINT WARNING * * *
The wraith drains your vigour!
You feel yourself slow down. The wraith hits you but does no damage.
Unknown command.
Unknown command.
Okay, then.
It was a potion of curing.
You feel better. The wraith hits you!
* * * LOW HITPOINT WARNING * * *
You feel better.
You are ready to recite again.
The wraith completely misses you. The wraith hits you!
* * * LOW HITPOINT WARNING * * *
The wraith drains your vigour!
You feel as though you will be slow longer.
Unknown command.
Unknown command.
It was a potion of mutation.
You feel extremely strange.
Zin protects your body from mutation! x2
A pair of horns grows on your head!
Zin forgives your inadvertent chaotic act, just this once.
The wraith hits you.
* * * LOW HITPOINT WARNING * * *
It was a potion of degeneration.
There was something very wrong with that liquid.
You feel weakened.
You feel dopey.
You feel clumsy. The wraith closely misses you.
The wraith hits you but does no damage.
Unknown command.
It was a potion of invisibility.
You fade into invisibility!
The wraith hits you!
You die...

########## #.........
#.@# #.#W# # ####### ###
#.###..### #.....# #z#
#.........
#.8.8.#####▓###.###..!??
'.......'.....'.# ??!
#.8.8.#####▓###.# ?
#.....# #W# #... #######
### #.###


You could see a wraith.

Vanquished Creatures
  A scorpion (D:4)
  A centaur zombie (Ossuary)
  A hound (D:4)
  3 iron imps (D:4)
  An iguana (D:4)
  A mummy (D:4)
  Robin (D:4)
  3 adders
  2 worms
  2 dart slugs
  10 orcs
  8 ball pythons
  12 endoplasms
  3 giant cockroaches
  16 goblins
  5 hobgoblins
  3 quokkas
  2 ball python skeletons (Ossuary)
  7 bats
  9 frilled lizards
  A hobgoblin skeleton (Ossuary)
  8 kobolds
  2 kobold zombies (Ossuary)
  3 orc skeletons (Ossuary)
  An orc zombie (Ossuary)
  4 rats
110 creatures vanquished.

Notes
Turn   | Place    | Note
-------+----------+-------------------------------------------
     0 | D:1      | Leszczynek the Palentonga Wanderer began the quest for the
                  | Orb.
     0 | D:1      | Leszczynek set off with the following items: a +0 club, a
                  | scroll of teleportation, a scroll of vulnerability {!r}, a
                  | scroll of fog, a +2 leather armour
     0 | D:1      | Reached XP level 1. HP: 22/22 MP: 1/1
     0 | D:1      | 5 in fighting, lol
     0 | D:1      | also an untrained +0 club
     0 | D:1      | ayyyyyyyy
     0 | D:1      | streaking here, let's go
   172 | D:1      | Found a faded altar of an unknown god.
   193 | D:1      | i'd get faded
   193 | D:1      | but if it's something silly like vehumet
   193 | D:1      | oh well, it's a Wn start
   197 | D:1      | Prayed at the altar of an unknown god.
   197 | D:1      | Became a worshipper of Zin the Law-Giver
   197 | D:1      | Reached * piety under Zin
   198 | D:1      | hmmm
   254 | D:1      | Reached skill level 1 in Maces & Flails
   254 | D:1      | Reached XP level 2. HP: 19/28 MP: 2/2
   617 | D:1      | Reached skill level 2 in Maces & Flails
   653 | D:1      | Reached XP level 3. HP: 35/35 MP: 3/3
   654 | D:1      | Reached ** piety under Zin
   931 | D:2      | Identified the +3 scale mail of Syli {+Inv}
  1132 | D:2      | Reached skill level 3 in Maces & Flails
  1397 | D:3      | Reached XP level 4. HP: 36/41 MP: 4/4
  1439 | D:3      | Reached *** piety under Zin
  1523 | D:3      | Noticed an ogre
  1851 | D:4      | i'm not fighting an ogre yet
  1864 | D:4      | Reached skill level 4 in Maces & Flails
  1933 | D:4      | Noticed a scorpion
  1961 | D:4      | Killed a scorpion
  1962 | D:4      | Reached skill level 5 in Maces & Flails
  1962 | D:4      | Reached XP level 5. HP: 46/47 MP: 5/5
  1964 | D:4      | Found a glowing silver altar of Zin.
  2038 | D:4      | Learned a level 2 spell: Blink
  2052 | D:4      | Found a burning altar of Makhleb.
  2105 | D:4      | Reached skill level 1 in Invocations
  2116 | D:4      | Reached XP level 6. HP: 31/54 MP: 6/6
  2233 | D:4      | Identified the +6 mace "Loxticzi" {vamp, rPois rC- rN++
                  | Str+3}
  2264 | D:4      | Found a hazy altar of Hepliaklqana.
  2328 | D:4      | Noticed Robin
  2361 | D:4      | Killed Robin
  2398 | D:4      | Reached skill level 2 in Invocations
  2438 | D:4      | Found a sand-covered staircase.
  2447 | Ossuary  | Entered an ossuary
  2494 | Ossuary  | Reached **** piety under Zin
  2504 | Ossuary  | Reached skill level 6 in Maces & Flails
  2549 | Ossuary  | Noticed a flying skull
  2549 | Ossuary  | Noticed a wraith
  2560 | Ossuary  | Noticed a wraith
  2566 | Ossuary  | HP: 6/54 [wraith (11)]
  2569 | Ossuary  | Gained mutation: You have a pair of small horns on your
                  | head. [potion of mutation]
  2569 | Ossuary  | HP: 1/54 [wraith (4)]
  2571 | Ossuary  | Mangled by a wraith

Illustrated notes .... .. ###..###. ....... ##..8..## # ##.......#.# #.#..........# .......8.....# #....@.....# #.8.....8..# #...≈≈≈....# ###≈≈≈≈≈##.# #≈≈≈≈≈# # #≈≈>≈≈# ####### Turn 0 on D:1: 5 in fighting, lol ####################### #.....................# #...###....).#.######.# ###...###.################ ......†...# #.........######## ..........# #....≈....#....).. ..........# #.≈..≈..≈.#.###### ###...###.# ###@≈..≈..≈.#.# ###...###.# #.'####_####'.# .......##.# #.#.≈..≈..≈.### ..###..##.# #.#.≈..≈..≈. .......##.####.#....≈....### .8..##.#≈.≈#...#.........#.## .....#.#≈.≈###############..##### .......#≈.≈# #.##............(. .8.....#≈.≈#####.###....#........ Turn 193 on D:1: i'd get faded

#####################
....................#
..###....).#.######.#
..###.################ ..†...#
#.........########### ......#
#....≈....#....)....# ......#
#.≈..≈..≈.#.#######.# ..###.#
###.≈..≈..≈.#.# #.# ..###.#
#.'####@####'.# #.# ...##.#
#.#.≈..≈..≈.### #.## #..##.#
#.#.≈..≈..≈.# #...
...##.####.#....≈....### ####
##.#≈.≈#...#.........#.## #
.#.#≈.≈###############..#########
...#≈.≈# #.##............(...#.
...#≈.≈#####.###....#...........#
...#≈.≈#.....###.#.###...#####.#.


Turn 198 on D:1: hmmm #.# #h# #.# #.# #.# #.# #.# #@# #g# ### Turn 1851 on D:4:
i'm not fighting an ogre yet

Levels and vault maps discovered:
D:1:      grunt_arrival_lava_bath, layout_loops_ring,
          shapermc_ecumenical_altar_notcrosses, minmay_misc_feat_enclosed,
          serial_park_tiny_pond, amcnicky_mini_rare_corridor_liquid,
          st_stairs_14, wander_ebering_terrifying_dragon_lair
D:2:      layout_rooms, kennysheep_generic_room_16
D:3:      layout_rooms
D:4:      layout_basic, demons_altar, mainiacjoe_overflow_alcove_1,
          mainiacjoe_overflow_cross_hatched, gup_ossuary_entry_pyramid,
          uniq_robin
Ossuary:  ossuary_due_cavern

Skill      XL: |  1  2  3  4  5  6 |
---------------+-------------------+-----
Maces & Flails | 1 2 3 5 6 |  6.1
Invocations    | 1 2 |  2.2
Fighting       | |  5.0
Armour         | |  1.7
Dodging        | |  2.5

Action                   |  1- 3 |  4- 6 || total
-------------------------+-------+-------++-------
Melee: Club              |   114 |       ||   114
       Tailslap          |    17 |    22 ||    39
       Quarterstaff      |    69 |   177 ||   246
Throw: Dart              |     1 |     2 ||     3
Invok: Recite            |     1 |     2 ||     3
 Abil: Rolling Charge    |    26 |     9 ||    35
  Use: Potion            |       |     6 ||     6
Armor: Leather armour    |    89 |    70 ||   159
Dodge: Dodged            |    98 |    71 ||   169

Table legend: (Time is in decaauts)
 A = Elapsed time spent in this place.
 B = Non-inter-level travel time spent in this place.
 C = Inter-level travel time spent in this place.
 D = Time resting spent in this place.
 E = Time spent auto-exploring this place.
 F = Levels seen in this place.
 G = Mean time per level.
                   A        B        C        D        E       F      G
               +--------+--------+--------+--------+--------+-----+--------+
         Total |   2646 |   2496 |    150 |    129 |      0 |   5 |  529.2 |
       Dungeon |   2514 |   2364 |    150 |    129 |      0 |   4 |  628.5 |
       Ossuary |    131 |    131 |      0 |      0 |      0 |   1 |  131.0 |
               +--------+--------+--------+--------+--------+-----+--------+

Top non-repeatable levels by time:
     D:1: 838 daAuts
     D:4: 612 daAuts
     D:2: 564 daAuts
     D:3: 499 daAuts
 Ossuary: 131 daAuts
